 Dungeon Crawl Stone Soup version 0.29.0-4-gdea44cf6ec (webtiles) character file.

Game seed: 13403508446018052630

28 qw the Chopper (level 3, 0/21 HPs)
             Began as a Tengu Warper on Aug 28, 2022.
             Slain by an adder (1 damage)
             ... on level 2 of the Dungeon.
             The game lasted 00:00:07 (1784 turns).

qw the Chopper (Tengu Warper)                       Turns: 1784, Time: 00:00:08

Health: 0/21       AC:  3    Str: 13    XL:     3   Next: 12%
Magic:  7/7        EV: 12    Int: 13    God:
Gold:   167        SH:  0    Dex: 13    Spells: 6/6 levels left

rFire   . . .      SeeInvis .   Y - +0 hand axe
rCold   + . .      Faith    .   (no shield)
rNeg    . . .      Spirit   .   b - +0 leather armour
rPois   .          Reflect  .   (helmet restricted)
rElec   .          Harm     .   (no cloak)
rCorr   .          Rampage  .   (no gloves)
Will    .....                   (boots unavailable)
Stlth   +.........              (no amulet)
HPRegen 0.07/turn               d - ring of protection from cold
MPRegen 0.10/turn               (no ring)

@: lethally poisoned (0 -> -12)
A: beak, talons 3
a: no special abilities


You were on level 2 of the Dungeon.
You visited 1 branch of the dungeon, and saw 2 of its levels.

You collected 167 gold pieces.


Innate Abilities, Weirdness & Mutations

You have a beak for a mouth.
You have claws for feet.


   Skills:
 - Level 2.0 Fighting
 + Level 3.9 Axes
 - Level 1.0 Throwing
 - Level 1.1 Armour
 - Level 2.1 Dodging
 - Level 2.0 Spellcasting
 - Level 2.4 Translocations


You had 6 spell levels left.
You didn't know any spells.
Your spell library contained the following spells:

 Spells                   Type           Power      Damage    Failure   Level
 Blink                    Tloc           14%        N/A       19%         2
 Gell's Gravitas          Tloc           7%         N/A       36%         3
 Lesser Beckoning         Tloc           7%         N/A       36%         3
 Teleport Other           Tloc           7%         N/A       36%         3
 Manifold Assault         Tloc           7%         N/A       98%         5

Inventory:

Hand Weapons
 i - a +0 club
 Y - a +0 hand axe (weapon)
Armour
 b - a +0 leather armour (worn)
 c - a +0 buckler
Jewellery
 d - a ring of protection from cold (left hand)
Scrolls
 a - a scroll of identify
Potions
 e - 2 potions of flight {unknown}
 f - a potion of heal wounds {unknown}
 j - a potion of brilliance {unknown}
 k - a potion of curing

Dungeon Overview and Level Annotations

Branches:
Dungeon (2/15)

Altars:


Message History

The adder is moderately wounded.
The adder bites you but does no damage.
You hit the adder but do no damage. Your kick misses the adder.
The adder is moderately wounded.
The adder closely misses you.
You barely miss the adder.
The adder is moderately wounded.
The adder closely misses you. The adder bites you.
You miss the adder. Your kick misses the adder.
The adder is moderately wounded.
The adder bites you.
You hit the adder.
The adder is severely wounded.
The adder bites you but does no damage. The adder bites you.
You closely miss the adder. Your peck misses the adder.
Your punch misses the adder.
The adder is severely wounded.
The adder bites you.
You are poisoned.
The adder poisons you!
You closely miss the adder. You peck the adder, but do no damage.
The adder is severely wounded.
You feel sick. The adder bites you.
You are lethally poisoned!
The adder poisons you! The adder bites you but does no damage.
You closely miss the adder. You claw the adder, but do no damage.
The adder is severely wounded.
You feel sick. The adder misses you.
You closely miss the adder. Your peck misses the adder.
The adder is severely wounded.
You feel sick. The adder barely misses you. The adder bites you.
You completely miss the adder. Your peck misses the adder.
The adder is severely wounded.
You feel sick. The adder misses you.
You hit the adder. Your kick misses the adder.
The adder is almost dead.
You feel sick. The adder bites you.
You are more poisoned.
The adder poisons you! The adder bites you.
You die...

....##.#.#...#......###########.#
....#.............### #.#
.........#.#....#.# ## #.#
..................# ... #..
................### ..!. #.#
....#.#....#.#..# ..... #.#
....#....###....###.....> ..#
....#####........Sw...... ...#
....# #.......@#......# .##.#
.... #........#......# ## #.#
#........#....... ..
#........#.).S...
#........##l..... #........#
.....J #........# :....b
........#


You could see a worm and an adder.

Vanquished Creatures
  An adder (D:2)
  An endoplasm (D:2)
  3 hobgoblins (D:2)
  A bat (D:1)
  A frilled lizard (D:1)
  4 goblins
  6 kobolds
  2 rats (D:2)
19 creatures vanquished.

Notes
Turn   | Place    | Note
-------+----------+-------------------------------------------
     0 | D:1      | qw the Tengu Warper began the quest for the Orb.
     0 | D:1      | Reached XP level 1. HP: 12/12 MP: 4/4
     0 | D:1      | 0 ||| qw: Version: 0.1-a-89-g26bdef1
     0 | D:1      | 0 ||| qw: Game counter: 186
     0 | D:1      | 0 ||| qw: Always use a shield: true
     0 | D:1      | 0 ||| qw: God list: Okawaru
     0 | D:1      | 0 ||| qw: Allow faded altars: false
     0 | D:1      | 0 ||| qw: Do Orc after D:15 true
     0 | D:1      | 0 ||| qw: Do second Lair branch before Depths: true
     0 | D:1      | 0 ||| qw: Lair rune preference: random
     0 | D:1      | 0 ||| qw: Plans: Normal
     0 | D:1      | 0 ||| PLANNING D:1-11
   740 | D:1      | 740 ||| UPGRADING to ring of protection from cold.
   741 | D:1      | 741 ||| READING scroll labelled QIEHOH JANORUCAVA.
   842 | D:1      | 842 ||| READING scroll labelled PECVYWO GETOAQ.
   843 | D:1      | 843 ||| READING scroll labelled LATZEIRAWN.
   844 | D:1      | 844 ||| READING 2 scrolls labelled SIGRAR ULUH.
   845 | D:1      | 845 ||| DRINKING 2 orange potions.
   846 | D:1      | 846 ||| DROPPING scroll of blinking.
   847 | D:1      | 847 ||| DROPPING scroll of magic mapping.
   919 | D:2      | 919 ||| Stepping ~*~*~tactically~*~*~ (stealth).
   921 | D:2      | 921 ||| FLEEEEING.
   922 | D:2      | 922 ||| FLEEEEING.
   931 | D:2      | 931 ||| FLEEEEING.
   932 | D:2      | 932 ||| FLEEEEING.
   933 | D:2      | 933 ||| FLEEEEING.
   939 | D:2      | 939 ||| STAIRDANCE
  1046 | D:1      | 1046 ||| READING scroll labelled BONWATTUAR.
  1053 | D:2      | Reached skill level 3 in Axes
  1053 | D:2      | Reached XP level 2. HP: 14/17 MP: 6/6
  1053 | D:2      | 1053 ||| STAIRDANCE
  1331 | D:2      | 1331 ||| FLEEEEING.
  1332 | D:2      | 1332 ||| FLEEEEING.
  1333 | D:2      | 1333 ||| FLEEEEING.
  1334 | D:2      | 1334 ||| FLEEEEING.
  1335 | D:2      | 1335 ||| FLEEEEING.
  1336 | D:2      | 1336 ||| FLEEEEING.
  1337 | D:2      | 1337 ||| FLEEEEING.
  1348 | D:2      | Reached XP level 3. HP: 9/21 MP: 7/7
  1625 | D:2      | Found a faded altar of an unknown god.
  1771 | D:2      | 1771 ||| Stepping ~*~*~tactically~*~*~ (stealth).
  1782 | D:2      | HP: 5/21 [poisoned by an adder]
  1784 | D:2      | HP: 1/21 [adder (2)]
  1784 | D:2      | Slain by an adder

Levels and vault maps discovered:
D:1:      minmay_arrival_arboretum_small, layout_basic
D:2:      minmay_kobold_bridge, layout_basic,
          hellmonk_ecumenical_altar_leap_of_faith, chequers_decorated_corner,
          hangedman_glass_garden

Skill      XL: |  1 |
---------------+----+-----
Axes           | 3 |  3.9
Fighting       | |  2.0
Throwing       | |  1.0
Armour         | |  1.1
Dodging        | |  2.1
Spellcasting   | |  2.0
Translocations | |  2.4

Action                   || total
-------------------------++-------
Melee: Hand axe          ||    53
       Peck              ||     6
       Kick              ||    12
Throw: Boomerang         ||     7
  Use: Scroll            ||     5
       Potion            ||     1
Armor: Leather armour    ||    12
Dodge: Dodged            ||    20

Table legend:
 A = Non-vault XP
 B = Vault XP
 C = Vault XP percentage of total XP
 D = Non-vault monster count
 E = Vault monster count
 F = Vault count percentage of total count
                 A         B        C        D         E       F
            +---------+---------+-------+---------+---------+-------
      Total |      35 |       5 |  12.5 |      16 |       3 |  15.8
            +---------+---------+-------+---------+---------+-------
        D:1 |       6 |       0 |   0.0 |       5 |       0 |   0.0
        D:2 |      29 |       5 |  14.7 |      11 |       3 |  21.4
            +---------+---------+-------+---------+---------+-------
